 Dungeon Crawl Stone Soup version 0.18-a0-1308-g45b86c9 (webtiles) character file.

13199 KarvaRausku the Transmogrifier (level 11, -1/94 HPs)
             Began as a Black Draconian Transmuter on Feb 13, 2016.
             Was a Priest of Makhleb.
             Shot with an arrow of flame by a centaur (13 damage)
             ... on level 12 of the Dungeon.
             The game lasted 00:59:09 (13899 turns).

KarvaRausku the Transmogrifier (DrTm)              Turns: 13899, Time: 00:59:10

Health: -1/94      AC:  2    Str: 15    XL:     11   Next: 72%
Magic:  18/24      EV: 25    Int: 12    God:    Makhleb [***...]
Gold:   312        SH:  6    Dex: 17    Spells: 4 memorised, 17 levels left

rFire  . . .     SeeInvis .       - Unarmed
rCold  . . .     Gourm    .     (armour unavailable)
rNeg   . . .     Faith    .     (shield currently unavailable)
rPois  x         Spirit   .     (helmet currently unavailable)
rElec  .         Dismiss  .     (cloak currently unavailable)
rCorr  .         Reflect  +     (gloves currently unavailable)
SustAt +         Harm     .     (boots currently unavailable)
MR     .....                    s - +6 amulet of reflection
Stlth  ++........               B - ring of wizardry
                                g - ring of sustain attributes

@: lethally poisoned (-1 -> -9), spider-form, not resistant to hostile
enchantments, unstealthy
A: (breathe lightning), unfitting armour, blurry vision 1, dopey 1, (poison
resistance), screaming 1, (electricity resistance), evolution 1, no device heal
1, (cold-blooded), AC +7
a: End Transformation, Minor Destruction, Lesser Servant of Makhleb, Renounce
Religion


You were on level 12 of the Dungeon.
You worshipped Makhleb.
Makhleb was most pleased with you.
You were not hungry.
You were a venomous arachnid creature.
You visited 2 branches of the dungeon, and saw 13 of its levels.

You collected 698 gold pieces.
You spent 386 gold pieces at shops.

Inventory:

Hand Weapons
 d - a +4 vampiric spear
 k - a +2 morningstar of freezing
 p - a +3 whip of electrocution (melded)
 t - a +0 hunting sling
 A - a +1 whip of draining
 G - a +1 quarterstaff of protection
Missiles
 a - 133 arrows (quivered)
 x - 2 throwing nets
 y - 22 arrows of flame
Armour
 w - a +0 pair of gloves
 K - a +2 pair of gloves (melded)
 P - a +0 shield (melded)
 Q - a +0 pair of boots (melded)
Jewellery
 g - a ring of sustain attributes (left front leg)
 i - an uncursed amulet of regeneration
 r - an uncursed amulet of magic regeneration
 s - a +6 amulet of reflection (around neck)
 B - a ring of wizardry (right front leg)
 C - an uncursed amulet of guardian spirit
 M - an uncursed ring of protection from cold {unknown}
Wands
 v - a wand of flame (0/48)
 I - a wand of iceblast (4/15)
 O - a wand of lightning (1/15)
Scrolls
 f - 2 scrolls of blinking
 h - 3 scrolls of magic mapping
 l - 3 scrolls of teleportation
 m - 8 scrolls of remove curse
 n - 13 scrolls of identify
 q - 3 scrolls of enchant armour
 u - 2 scrolls of recharging
 D - a scroll of enchant weapon
 F - 2 scrolls of fear
Potions
 e - a potion of curing
 o - 2 potions of ambrosia
 J - a potion of flight
Books
 b - a book of Changes

   Spells                             Type                      Level
   a - Beastly Appendage              Transmutation                1
   b - Sticks to Snakes               Transmutation                2
   c - Spider Form                    Transmutation/Poison         3
   d - Ice Form                       Ice/Transmutation            4
   e - Blade Hands                    Transmutation                5
Comestibles
 c - 5 bread rations
 j - 3 meat rations
 z - 6 chunks of flesh
 E - 19 fruits
 H - 5 slices of pizza


   Skills:
 + Level 8.1 Fighting
 + Level 7.0 Maces & Flails
 - Level 0.6 Polearms
 + Level 6.9 Dodging
 + Level 2.4 Shields
 - Level 3.0 Unarmed Combat
 + Level 9.4 Spellcasting
 + Level 9.5 Transmutations
   Level 7.8 Air Magic


You had 17 spell levels left.
You knew the following spells:

 Your Spells              Type           Power        Failure   Level  Hunger
a - Beastly Appendage     Trmt           ####..       1%          1    None
b - Sticks to Snakes      Trmt           ####....     1%          2    None
c - Spider Form           Trmt/Pois      ###.......   7%          3    ##.....
d - Blade Hands           Trmt           ####......   10%         5    #####..


Dungeon Overview and Level Annotations

Branches:
Dungeon (12/15)            Temple (1/1) D:4            Lair (0/8) D:8
    Orc (0/2) D:10

Altars:
Ashenzari
Cheibriados
Dithmenos
Elyvilon
Fedhas
Gozag
Kikubaaqudgha
Makhleb
Nemelex Xobeh
Okawaru
Pakellas
Qazlal
Ru
Sif Muna
Trog
Vehumet
Xom
Yredelemnul
Zin
The Shining One

Shops:
D:9 [   D:10 ?

Annotations:
D:10 exclusion: ice statue


Innate Abilities, Weirdness & Mutations

((You can breathe wild blasts of lightning.))
((Your glossy black scales are hard (AC +7).))
Your body does not fit into most forms of armour.
((You are resistant to electric shocks.))
((You are cold-blooded and may be slowed by cold attacks.))
Scrolls take you a little longer to read.
You are dopey. (Int -2)
((Your system is resistant to poisons.))
You occasionally shout uncontrollably at your foes.
You evolve.
Potions and wands are less effective at restoring your health.


Message History

The mottled dragon closely misses you.
You barely miss the centaur.
The centaur is almost dead.
You are covered in liquid flames!
You feel sick. The centaur completely misses you.
The mottled dragon completely misses you.
The mottled dragon claws you.
* * * LOW HITPOINT WARNING * * *
You are too injured to fight recklessly!
You are covered in liquid flames!
* * * LOW HITPOINT WARNING * * *
You feel sick. The centaur hits you.
* * * LOW HITPOINT WARNING * * *
You are covered in liquid flames!
* * * LOW HITPOINT WARNING * * *
You feel sick.
You kill the centaur!
Makhleb accepts your kill.
The centaur shoots an arrow of flame.
The arrow of flame hits you!
You die...

#...# #.#.# #...#
#########+####
#...####...))........
#...+......[<....)...
#.#.#'##...).........
#...†..#.....)(....D#
#....#.######c#######
#.#....'..s.)D......#
#...####...(........#
#...# ####..#####..#
#...# #(.#####'##
#.#.# #(....##..#
#...# #.....##..#
#...# ###########
#...# ...#


You could see a mottled dragon and a centaur.

Vanquished Creatures
  A hill giant (D:10)
  Joseph (D:7)
  A fire drake (D:8)
  A two-headed ogre (D:9)
  A wraith (D:11)
  A shadow (D:11)
  14 yaks
  A wyvern (D:10)
  The ghost of KarvaRausku the Digger, an amateur DDEE (D:3)
  A steam dragon (D:11)
  2 hippogriffs
  Menkaure (D:7)
  5 black bears
  4 sky beasts
  5 ice beasts
  An eye of draining (D:8)
  2 orc warriors
  A necrophage (D:11)
  3 phantoms
  4 ogres
  7 centaurs
  13 big kobolds
  A gnoll sergeant (D:5)
  7 giant frogs
  2 wyvern skeletons
  2 scorpions
  5 wights (D:6)
  2 crimson imps
  A giant frog zombie (D:6)
  2 quasits
  A centaur zombie (D:10)
  6 hounds
  A jelly (D:10)
  11 orc wizards
  A centaur skeleton (D:9)
  11 orc priests
  5 iguanas
  8 worker ants
  2 sheep (D:10)
  2 hound skeletons
  A worker ant zombie (D:6)
  13 gnolls
  10 adders
  2 shadow imps
  An ooze (D:5)
  2 adder zombies
  An adder skeleton (D:5)
  3 worms
  4 giant geckos
  51 orcs
  6 bats
  5 giant cockroaches
  3 goblins (D:1)
  9 hobgoblins
  9 jackals
  57 kobolds
  8 quokkas
  A ball python (D:2)
  A giant cockroach zombie (D:5)
  A giant gecko skeleton (D:4)
  4 giant newts
  3 quokka skeletons
  A quokka zombie (D:7)
  7 rats
344 creatures vanquished.

Vanquished Creatures (collateral kills)
  A centaur (D:6)
  A big kobold (D:8)
  A wyvern skeleton (D:11)
  An orc priest (D:9)
  A giant newt (D:1)
5 creatures vanquished.

Vanquished Creatures (others)
  A centaur (D:12)
1 creature vanquished.

Grand Total: 350 creatures vanquished

Notes
Turn   | Place    | Note
--------------------------------------------------------------
     0 | D:1      | KarvaRausku the Draconian Transmuter began the quest for the Orb.
     0 | D:1      | Reached XP level 1. HP: 16/16 MP: 3/3
   126 | D:1      | Reached XP level 2. HP: 5/23 MP: 3/5
   550 | D:1      | Learned a level 2 spell: Sticks to Snakes
  1179 | D:2      | Found an opulent altar of Gozag.
  1188 | D:2      | Reached XP level 3. HP: 29/29 MP: 6/6
  1241 | D:2      | Found a deep blue altar of Sif Muna.
  1247 | D:2      | Found a glowing golden altar of the Shining One.
  1372 | D:2      | Found a basalt altar of Yredelemnul.
  1560 | D:3      | Noticed KarvaRausku's ghost (amateur DDEE)
  1575 | D:3      | Killed KarvaRausku's ghost
  1575 | D:3      | Reached skill level 1 in Maces & Flails
  1575 | D:3      | Reached XP level 4. HP: 26/38 MP: 2/8
  1575 | D:3      | Reached XP level 5. HP: 30/45 MP: 2/9
  1924 | D:3      | Reached skill level 4 in Transmutations
  2083 | D:3      | Reached XP level 6. HP: 38/51 MP: 7/10
  2326 | D:3      | Reached XP level 7. HP: 34/59 MP: 12/12
  2326 | D:3      | Your scales start taking on a glossy black colour.
  2326 | D:3      | Gained mutation: You are resistant to electric shocks. [Black Draconian growth]
  2926 | D:2      | Learned a level 3 spell: Spider Form
  2933 | D:3      | Reached skill level 5 in Transmutations
  3060 | D:3      | Found an oddly glowing altar of Pakellas.
  3606 | D:4      | Reached XP level 8. HP: 53/67 MP: 14/14
  3696 | D:4      | Reached skill level 6 in Transmutations
  4091 | D:4      | Found a shadowy altar of Dithmenos.
  4133 | D:4      | Found a staircase to the Ecumenical Temple.
  4140 | D:4      | Reached skill level 5 in Fighting
  4162 | Temple   | Entered the Ecumenical Temple
  4446 | D:5      | Entered Level 5 of the Dungeon
  4849 | D:5      | Reached skill level 7 in Transmutations
  4853 | D:5      | Gained mutation: Scrolls take you a little longer to read. [mutagenic meat]
  4854 | D:5      | Gained mutation: Your muscles are strong. (Str +2) [mutagenic meat]
  4855 | D:5      | Lost mutation: Your muscles are strong. (Str +2) [mutagenic meat]
  4856 | D:5      | Gained mutation: You occasionally shout uncontrollably at your foes. [mutagenic meat]
  5108 | D:5      | Found a radiant altar of Vehumet.
  5160 | D:5      | Reached skill level 5 in Spellcasting
  5365 | D:6      | Reached XP level 9. HP: 58/75 MP: 13/16
  5368 | D:6      | Reached skill level 5 in Maces & Flails
  5433 | D:6      | Reached skill level 8 in Spellcasting
  5433 | D:6      | Reached XP level 10. HP: 70/83 MP: 17/22
  7140 | D:7      | Noticed Menkaure
  7146 | D:7      | Killed Menkaure
  7572 | D:7      | Noticed Joseph
  7706 | D:7      | Killed Joseph
  9060 | D:8      | Found a staircase to the Lair.
  9287 | D:8      | Reached XP level 11. HP: 83/92 MP: 23/23
  9467 | D:9      | Found a burning altar of Makhleb.
  9483 | D:9      | Became a worshipper of Makhleb the Destroyer
  9529 | D:9      | Gained mutation: Potions and wands are less effective at restoring your health. [mutagenic meat]
  9530 | D:9      | Gained mutation: You evolve. [mutagenic meat]
  9532 | D:9      | Gained mutation: You are dopey. (Int -2) [mutagenic meat]
  9672 | D:9      | Reached skill level 9 in Transmutations
  9996 | D:9      | Reached * piety under Makhleb
 10176 | D:9      | Gained mutation: Your system is resistant to poisons. [evolution]
 10229 | D:9      | Found Minoutis's Armour Shoppe.
 10232 | D:9      | Bought a +0 shield for 58 gold pieces
 10232 | D:9      | Bought a +0 pair of boots for 58 gold pieces
 10663 | D:10     | Entered Level 10 of the Dungeon
 10924 | D:9      | Learned a level 5 spell: Blade Hands
 10957 | D:9      | Reached skill level 1 in Shields
 11190 | D:10     | Reached ** piety under Makhleb
 11263 | D:10     | Found Roirgheni's Magic Scroll Shoppe.
 11270 | D:10     | Bought a scroll of remove curse for 36 gold pieces
 11270 | D:10     | Bought a scroll of identify for 24 gold pieces
 11270 | D:10     | Bought a scroll of enchant weapon for 90 gold pieces
 11270 | D:10     | Bought a scroll of remove curse for 36 gold pieces
 11270 | D:10     | Bought 2 scrolls of identify for 48 gold pieces
 11270 | D:10     | Bought a scroll of remove curse for 36 gold pieces
 11283 | D:10     | Found a staircase to the Orcish Mines.
 11395 | D:9      | HP: 4/93 [giant frog (7)]
 11741 | D:10     | Noticed a hill giant
 11754 | D:10     | Killed a hill giant
 12054 | D:10     | Noticed a three-headed hydra
 12067 | D:10     | HP: 2/94 [big kobold/halberd (9)]
 13889 | D:12     | Reached *** piety under Makhleb
 13899 | D:12     | Shot with an arrow of flame by a centaur

Vault maps used:
D:1:      saegor_arrival_simple_b, nrook_mini_backslash
D:2:      nicolae_overflow_hidden_temple, grunt_temple_overflow_open,
          first_bread
D:3:      minmay_goblin_kobold_castle, lemuel_coloured_pillars_altar
D:4:      nicolae_dithmenos_through_a_glass_darkly, minmay_temple_entry_glass
D:5:      lemuel_doored_altar, serial_glass, glass_columns_b, glass_columns_c,
          glass_columns_a, glass_columns_b
D:6:      minmay_misc_feat_roman
D:7:      uniq_joseph, uniq_menkaure
D:8:      minmay_lair_entry_lava, nicolae_two_hexagons
D:9:      bloody_makhleb, serial_shops, nicolae_shop_window_shopping
D:10:     lemuel_ice_statue, serial_shops, shop, hangedman_ranch,
          nicolae_twisting_strands
Temple:   circular_temple_12

Action                   |  1- 3 |  4- 6 |  7- 9 | 10-12 || total
-------------------------+-------+-------+-------+-------++-------
Melee: Unarmed           |    30 |       |    37 |    63 ||   130
       Spear             |    35 |       |       |       ||    35
       Whip              |    47 |   171 |   305 |   742 ||  1265
 Cast: Beastly Appendage |     9 |     6 |     9 |    38 ||    62
       Sticks to Snakes  |     4 |     2 |       |    21 ||    27
       Spider Form       |       |       |     3 |     6 ||     9
 Abil: Breathe Lightning |       |       |       |     2 ||     2
       End Transformatio |       |       |       |     1 ||     1
Evoke: Wand              |       |       |       |     3 ||     3
  Use: Scroll            |     1 |     1 |     1 |    17 ||    20
       Potion            |       |       |     4 |     7 ||    11
 Stab: Sleeping          |       |       |       |     1 ||     1
  Eat: Chunk             |     2 |     2 |     7 |    26 ||    37
       Pizza             |       |     1 |       |     2 ||     3
       Bread ration      |       |       |     1 |       ||     1
       Meat ration       |       |       |     1 |       ||     1
       Fruit             |       |       |       |     1 ||     1
       Beef jerky        |       |       |       |     1 ||     1
